 Dungeon Crawl Stone Soup version 0.32-a0-484-g2eb335deba (webtiles) character file.

Game seed: 12815500889809340797

55 mopl the Trooper (level 3, -2/30 HPs)
             Began as a Merfolk Fighter on Feb 26, 2024.
             Was an Initiate of Okawaru.
             Slain by a gnoll
             ... wielding a +2 flail of protection
              (9 damage)
             ... on level 1 of the Dungeon.
             The game lasted 00:01:39 (1109 turns).

mopl the Trooper (Merfolk Fighter)                  Turns: 1109, Time: 00:01:40

Health: -2/30      AC:  6    Str: 18    XL:     3   Next: 93%
Magic:  3/3        EV:  9    Int:  7    God:    Okawaru [......]
Gold:   72         SH:  4    Dex: 13    Spells: 2/2 levels left

rFire   . . .        a - +0 long sword
rCold   . . .        c - +0 buckler
rNeg    . . .        b - +0 scale mail
rPois   .            (no helmet)
rElec   .            (no cloak)
rCorr   .            (no gloves)
SInv    .            (no boots)
Will    .....        (no amulet) Stlth
                     (no ring)
HPRegen 0.25/turn    (no ring)
MPRegen 0.08/turn

%: no passive effects
@: no status effects
A: (nimble swimmer 2), mertail
a: Renounce Religion


You were on level 1 of the Dungeon.
You worshipped Okawaru.
Okawaru was noncommittal.
You visited 1 branch of the dungeon, and saw 2 of its levels.

You collected 72 gold pieces.

Inventory:

Hand Weapons
 a - a +0 long sword (weapon)
Armour
 b - a +0 scale mail (worn)
 c - a +0 buckler (worn)
Scrolls
 e - a scroll of noise {unknown}
 h - a scroll of identify {unknown}
Potions
 d - a potion of might
 f - a potion of enlightenment {unknown}
 g - a potion of magic {unknown}


   Skills:
 + Level 3.7 Fighting
 * Level 3.5 Long Blades
 + Level 2.4 Armour
 + Level 1.7 Dodging
 - Level 3.0 Shields
 + Level 0.5 Invocations


You had 2 spell levels left.
You didn't know any spells.
Your spell library contained the following spells:

 Spells                   Type           Power      Damage    Failure   Level
 Summon Small Mammal      Summ           Unusable   N/A       N/A         1

Dungeon Overview and Level Annotations

Branches:
Dungeon (2/15)

Altars:
Okawaru


Innate Abilities, Weirdness & Mutations

((You are very nimble when in or above water. (Stealth+, EV+, Speed+++)))
Your lower body shifts to a powerful aquatic tail in water.


Message History

The kobold is moderately wounded.
The kobold hits you with a +0 dagger.
You miss the kobold.
The kobold is moderately wounded.
You block the kobold's attack.
You slash the kobold!
You kill the kobold!
Okawaru accepts your kill.
Things that are here:
a +0 dagger; a stone; a kobold corpse You start resting.
HP restored.
There is a stone staircase leading down here.
You climb downwards.
The gnoll misses you.
There is a stone staircase leading up here.
You barely miss the gnoll. The gnoll barely misses you.
You barely miss the gnoll.
The gnoll hits you with a +2 flail of protection. x2
You hit the gnoll but do no damage.
The gnoll hits you with a +2 flail of protection.
The gnoll closely misses you.
You climb upwards.
There is a stone staircase leading down here.
You closely miss the gnoll.
The gnoll hits you with a +2 flail of protection.
You hit the gnoll but do no damage.
The gnoll hits you with a +2 flail of protection.
The gnoll barely misses you.
You barely miss the gnoll. The gnoll closely misses you.
You hit the gnoll.
The gnoll is moderately wounded.
The gnoll hits you with a +2 flail of protection.
You barely miss the gnoll.
The gnoll is moderately wounded.
The gnoll hits you with a +2 flail of protection!
* * * LOW HITPOINT WARNING * * *
You completely miss the gnoll.
The gnoll is moderately wounded.
The gnoll hits you with a +2 flail of protection!
You die...

#.#..#..............##.#......#.#
#.#).#..).#...#####.##[..#...##.#
#.#..#.....##.#####.##..##...##.#
#.#.................#...##...##.#
.......................###...##.#
#.#.##.#.........................
..).........#......###.###..###.#
#................................
#...........#..g@................
#...........#....(..#..###.......
##.###..................##.......
.###.#....#...........#.##..#####
#.#.#.......#.......#...###.#
#.#.#.........#...#.....# #.#
##.###..........#.......###.#
####..###.......#........##.#
....### #.....#...#.........#


You could see a gnoll.

Vanquished Creatures
  An adder (D:2)
  2 gnolls
  A dart slug (D:1)
  3 endoplasms
  A giant cockroach (D:1)
  A goblin (D:1)
  A hobgoblin (D:1)
  4 jackals (D:1)
  A ball python (D:1)
  4 bats
  4 kobolds (D:1)
  2 rats (D:1)
25 creatures vanquished.

Notes
Turn   | Place    | Note
-------+----------+-------------------------------------------
     0 | D:1      | mopl the Merfolk Fighter began the quest for the Orb.
     0 | D:1      | Reached XP level 1. HP: 18/18 MP: 1/1
   113 | D:1      | Found a faded altar of an unknown god.
   122 | D:1      | Got Plato's Almanac of Companions
   146 | D:1      | Reached XP level 2. HP: 23/24 MP: 2/2
   279 | D:1      | Reached skill level 3 in Long Blades
   279 | D:1      | Reached skill level 1 in Dodging
   837 | D:2      | Reached XP level 3. HP: 29/29 MP: 3/3
   838 | D:2      | Found an iron altar of Okawaru.
   848 | D:2      | Became a worshipper of Warmaster Okawaru
  1109 | D:1      | Slain by a gnoll

Illustrated notes

Levels and vault maps discovered:
D:1:      dpeg_arrival_arbitrary_c, layout_basic,
          shapermc_ecumenical_altar_rom_forum, minmay_misc_feat_more_columns,
          minmay_misc_feat_cross, chequers_serial_rivers_micro_d,
          grunt_decor_resistance
D:2:      layout_basic, serial_shops, shop, shop_statue, basic_altar,
          grunt_ministairs_9, uniq_sigmund

Skill      XL: |  1  2 |
---------------+-------+-----
Long Blades    | 3 |  3.5
Dodging        | 1 |  1.7
Fighting       | |  3.7
Armour         | |  2.4
Shields        | |  3.0
Invocations    | |  0.5

Action                     || total
---------------------------++-------
  Melee: Long sword        ||   119
 Armour: Scale mail        ||    94
  Dodge: Dodged            ||    77
  Block: Buckler           ||    31

Table legend: (Time is in decaauts)
 A = Elapsed time spent in this place.
 B = Non-inter-level travel time spent in this place.
 C = Inter-level travel time spent in this place.
 D = Time resting spent in this place.
 E = Time spent auto-exploring this place.
 F = Levels seen in this place.
 G = Mean time per level.
                   A        B        C        D        E       F      G
               +--------+--------+--------+--------+--------+-----+--------+
         Total |   1144 |   1094 |     50 |     50 |    738 |   2 |  572.0 |
       Dungeon |   1144 |   1094 |     50 |     50 |    738 |   2 |  572.0 |
               +--------+--------+--------+--------+--------+-----+--------+

Top non-repeatable levels by time:
     D:1: 968 daAuts
     D:2: 175 daAuts
